 Dungeon Crawl Stone Soup version 0.28.0-45-g0d030f2227 (webtiles) character file.

Game seed: 12639316666346292006

551 NinjaNoafa the Ruffian (level 7, 0/57 HPs)
             Began as a Pale Draconian Transmuter on Apr 5, 2022.
             Was an Initiate of Ru.
             Slain by an orc priest
             ... wielding a +0 flail
              (5 damage)
             ... on level 6 of the Dungeon.
             The game lasted 00:08:24 (3901 turns).

NinjaNoafa the Ruffian (Pale Draconian Transmuter)  Turns: 3901, Time: 00:08:25

Health: 0/57       AC:  6    Str: 22    XL:     7   Next: 7%
Magic:  13/13      EV: 12    Int: 13    God:    Ru [......]
Gold:   207        SH:  0    Dex: 12    Spells: 13/14 levels left

rFire   . . .      SeeInvis .     - Unarmed
rCold   . . .      Faith    .   (no shield)
rNeg    . . .      Spirit   .   (armour unavailable)
rPois   +          Reflect  .   (helmet currently unavailable)
rElec   .          Harm     .   (no cloak)
rCorr   .          Rampage  .   (no gloves)
Will    .....                   (boots currently unavailable)
Stlth   +.........              (no amulet)
HPRegen 0.19/turn               e - ring of poison resistance
MPRegen 0.13/turn               j - +6 ring of strength

@: appendages (expiring), attractive, hasted, very quick
A: horns 2, talons 2, breathe steam, AC +6, unfitting armour, cold-blooded,
steam resistance, strong 1
a: Breathe Steam, End Transformation, Renounce Religion


You were on level 6 of the Dungeon.
You worshipped Ru.
Ru was noncommittal.
You had temporarily grown beastly horns and talons.
You visited 1 branch of the dungeon, and saw 6 of its levels.

You collected 207 gold pieces.

Inventory:

Missiles
 a - 138 stones
Armour
 o - a +0 pair of boots (melded)
Jewellery
 e - a ring of poison resistance (left hand)
 j - a +6 ring of strength (right hand)
Wands
 k - a wand of flame (17)
 n - a wand of iceblast (5)
Scrolls
 b - a scroll of noise {unknown}
 c - a scroll of teleportation {unknown}
 d - 2 scrolls of identify {unknown}
 f - 2 scrolls of fear {unknown}
 h - a scroll of enchant armour {unknown}
 i - a scroll of vulnerability {unknown}
 l - a scroll of amnesia {unknown}
 m - a scroll of blinking {unknown}


   Skills:
 + Level 3.1 Fighting
 + Level 3.0 Dodging
 + Level 5.0 Unarmed Combat
 * Level 4.1 Spellcasting
 * Level 3.4 Transmutations


You had 13 spell levels left.
You knew the following spells:

 Your Spells              Type           Power      Damage    Failure   Level
a - Beastly Appendage     Tmut           22%        N/A       4%          1

Your spell library contained the following spells:

 Spells                   Type           Power      Damage    Failure   Level
 Wereblood                Tmut           11%        N/A       8%          2
 Spider Form              Tmut/Pois      7%         N/A       30%         3
 Ice Form                 Ice/Tmut       7%         N/A       71%         4


Dungeon Overview and Level Annotations

Branches:
Dungeon (6/15)
 Temple: D:4-7

Altars:
Dithmenos
Ru
Vehumet
Wu Jian
Xom
Yredelemnul

Shops:
D:1 (


Innate Abilities, Weirdness & Mutations

You have temporarily grown beastly horns and talons.
You can breathe blasts of scalding, opaque steam.
Your pale cyan-grey scales are hard. (AC +6)
You cannot fit into any form of body armour.
You are cold-blooded and may be slowed by cold attacks.
You are immune to the effects of steam.
Your muscles are strong. (Str +2)


Message History

The orc wizard casts a spell at you. You resist with some effort.
You hit the orc warrior but do no damage.
You claw the orc warrior, but do no damage.
Your headbutt misses the orc warrior.
The orc warrior is lightly wounded.
The orc wizard hits you but does no damage.
The orc warrior hits you with a +0 glaive!!
You hit the orc warrior but do no damage.
You claw the orc warrior, but do no damage.
You headbutt the orc warrior.
The orc warrior is lightly wounded.
The orc priest mumbles some strange prayers to Beogh against you.
Beogh smites you!
* * * LOW HITPOINT WARNING * * *
The orc wizard barely misses you. The orc wizard casts a spell at you.
The puff of flame hits you.
* * * LOW HITPOINT WARNING * * *
You feel better. The orc priest misses you.
The orc wizard hits you but does no damage.
An orc comes into view. It is wielding a +0 dagger.
Okay, then.
Okay, then.
It was a potion of mutation.
You feel extremely strange.
You feel stronger. The orc priest barely misses you.
The orc wizard hits you with a +0 dagger.
* * * LOW HITPOINT WARNING * * *
It was a potion of attraction.
You feel attractive to monsters.
Your transformation is almost over.
The orc priest invokes the aid of Beogh against you.
You struggle to resist.
The orc wizard gestures at you while chanting.
The puff of flame hits you.
* * * LOW HITPOINT WARNING * * *
The orc hits you but does no damage.
It was a potion of haste.
You feel yourself speed up.
The orc priest hits you with a +0 flail.
You die...

.. #.
..
####.
#....
##..o#
#..oo#
#.oo@#
#..o##
#....o
...#.#.
## #.#.
. #. #
.. #.


You could see an orc warrior, an orc priest, 2 orc wizards and 3 orcs.

Vanquished Creatures
  A necrophage (D:4)
  A scorpion (D:5)
  A bullfrog zombie (D:5)
  3 hounds (D:5)
  2 iguanas (D:5)
  A scorpion zombie (D:5)
  Natasha (twice) (D:3)
  An orc wizard (D:3)
  2 hound skeletons (D:5)
  6 adders
  2 worms
  3 dart slugs
  4 orcs
  5 bats
  3 endoplasms
  2 giant cockroaches (D:3)
  4 goblins
  5 hobgoblins
  A quokka (D:1)
  7 ball pythons
  3 frilled lizards
  A goblin zombie (D:5)
  4 kobolds
  7 rats
71 creatures vanquished.

Vanquished Creatures (others)
  A human (D:5)
  A phantom (D:5)
  A jelly (D:5)
  4 gnolls (D:5)
7 creatures vanquished.

Grand Total: 78 creatures vanquished

Notes
Turn   | Place    | Note
-------+----------+-------------------------------------------
     0 | D:1      | NinjaNoafa the Draconian Transmuter began the quest for the
                  | Orb.
     0 | D:1      | Reached XP level 1. HP: 16/16 MP: 3/3
   163 | D:1      | Found Eci Itowi's Weapon Shoppe.
   562 | D:1      | Reached XP level 2. HP: 23/23 MP: 5/5
  1212 | D:2      | Reached XP level 3. HP: 19/28 MP: 4/6
  2098 | D:3      | Noticed Natasha
  2106 | D:3      | Killed Natasha
  2107 | D:3      | Reached XP level 4. HP: 36/36 MP: 8/8
  2185 | D:3      | Found a shadowy altar of Dithmenos.
  2257 | D:3      | Reached skill level 4 in Unarmed Combat
  2544 | D:3      | Noticed Natasha
  2545 | D:3      | Reached XP level 5. HP: 41/41 MP: 9/9
  2554 | D:3      | Killed Natasha
  2990 | D:4      | Noticed a necrophage
  2999 | D:4      | Killed a necrophage
  3099 | D:4      | Reached XP level 6. HP: 50/50 MP: 11/11
  3133 | D:4      | You fall into a shaft and drop 1 floor!
  3133 | D:5      | Entered Level 5 of the Dungeon
  3133 | D:5      | Found a sacrificial altar of Ru.
  3139 | D:5      | Became a worshipper of Ru the Awakened
  3335 | D:5      | Noticed a human
  3337 | D:5      | Found a runed translucent door.
  3344 | D:5      | Found a basalt altar of Yredelemnul.
  3368 | D:5      | Identified the +0 leather armour "Qufesaim" {Harm rC+ rN+
                  | Int-3}
  3413 | D:5      | Killed a human
  3484 | D:5      | Reached skill level 5 in Unarmed Combat
  3642 | D:5      | Found a faded altar of an unknown god.
  3642 | D:5      | Found a faded altar of an unknown god.
  3648 | D:5      | Found a shimmering altar of Xom.
  3650 | D:5      | Found a radiant altar of Vehumet.
  3652 | D:5      | Found an ornate altar of the Wu Jian Council.
  3705 | D:5      | Your scales start taking on a pale cyan-grey colour.
  3705 | D:5      | Reached XP level 7. HP: 57/57 MP: 13/13
  3705 | D:5      | Gained mutation: You are immune to the effects of steam.
                  | [Pale Draconian growth]
  3897 | D:6      | HP: 2/57 [orc wizard/puff of flame (6)]
  3899 | D:6      | Gained mutation: Your muscles are strong. (Str +2) [potion
                  | of mutation]
  3901 | D:6      | Slain by an orc priest

Illustrated notes

Levels and vault maps discovered:
D:1:      ncdulo_halloftheorcs, layout_loops_corners, serial_shops,
          nicolae_diamond_shop, serial_rivers, chequers_serial_rivers_small_b,
          chequers_serial_rivers_micro_b, chequers_serial_rivers_small_3,
          chequers_serial_rivers_marsh, chequers_serial_rivers_micro_e
D:2:      layout_basic
D:3:      layout_loops_ring, grunt_dithmenos_smoke, uniq_natasha
D:4:      layout_loops_ring, nemelex_spade_bored_becter,
          minmay_temple_entry_overgrown, kennysheep_boxes
D:5:      layout_cave_pools, chequers_temple_overflow_minitemple,
          dk_yredelemnul_ordeal, mainiacjoe_overflow_chevrons
D:6:      layout_rooms, lemuel_doored_altar, overflow_temple_1_default,
          minmay_stone_trees_large, nicolae_shop_overcharged_wands

Skill      XL: |  1  2  3  4  5  6  7 |
---------------+----------------------+-----
Dodging        | 2 3 |  3.0
Fighting       | 2 3 |  3.1
Spellcasting   | 3 4 |  4.1
Unarmed Combat | 4 5 |  5.0
Transmutations | 3 |  3.4

Action                   |  1- 3 |  4- 6 |  7- 9 || total
-------------------------+-------+-------+-------++-------
Melee: Unarmed           |   105 |   105 |    14 ||   224
       Tailslap          |    11 |    17 |     3 ||    31
       Punch             |     2 |     4 |     1 ||     7
       Headbutt          |     3 |     6 |     2 ||    11
       Kick              |     2 |    16 |     3 ||    21
 Cast: Beastly Appendage |     2 |     8 |     4 ||    14
  Use: Potion            |       |     4 |     4 ||     8
 Stab: Sleeping          |     1 |     1 |       ||     2
       Invisible         |       |     2 |       ||     2
Armor: Skin              |    38 |    33 |     7 ||    78
Dodge: Dodged            |    80 |    81 |     6 ||   167
